Map: Dusk Towers

Players

ShoWTimE

  • Race: Protoss Protoss

PartinG - Winner!

  • Race: Protoss Protoss
  • League: Platinum

Event: DreamHack ROCCAT LotV Championship

VOD

Have the link to the VOD?

Description

Time

  • Played on: Nov. 28, 2015, 11:31 a.m.
  • Length: 4:48

All games in this series

Show
View Real Time Build Order
Export as new Build Order

ShoWTimE Protoss 

Build Orders: Nexus First 

Get SALT Encoding   

  12  0:01  Probe (Chrono Boost)  
  13  0:11  Probe (Chrono Boost)  
  14  0:17  Pylon  
  14  0:22  Probe (Chrono Boost)  
  15  0:36  Probe (Chrono Boost)  
  16  0:46  Probe (Chrono Boost)  
  17  0:58  Nexus  
  17  1:07  Gateway  
  17  1:10  Probe (Chrono Boost)  
  18  1:15  Assimilator  
  18  1:21  Probe (Chrono Boost)  
  18  1:23  Assimilator  
  19  1:31  Probe (Chrono Boost)  
  20  1:36  Gateway  
  20  1:42  Probe (Chrono Boost)  
  21  1:54  Cybernetics Core  
  21  1:56  Pylon  
  21  2:03  Zealot (Chrono Boost)  
  23  2:11  Pylon  
  23  2:18  Pylon  
  23  2:30  Mothership Core (Chrono Boost)  
  23  2:31  Stalker (Chrono Boost)  
  27  2:42  Cybernetics Core  
  27  2:49  Pylon  
  27  2:57  Pylon  
  27  3:03  Pylon  
  26  3:13  Zealot (Chrono Boost)  
  28  3:21  Stalker (Chrono Boost)  
  28  3:37  Gateway  
  27  3:45  Stalker (Chrono Boost)  
  24  4:06  Stalker (Chrono Boost)  
Show
View Real Time Build Order
Export as new Build Order

PartinG Protoss - Winner!

Build Orders:  

Get SALT Encoding   

  12  0:00  Probe (Chrono Boost)  
  13  0:11  Probe (Chrono Boost)  
  14  0:18  Pylon  
  14  0:23  Probe (Chrono Boost)  
  15  0:38  Probe (Chrono Boost), Pylon  
  16  0:56  Gateway x2  
  16  1:08  Gateway  
  16  1:12  Probe (Chrono Boost)  
  16  1:17  Assimilator  
  17  1:23  Probe (Chrono Boost)  
  18  1:36  Probe (Chrono Boost)  
  19  1:44  Zealot (Chrono Boost)  
  23  1:47  Cybernetics Core, Zealot (Chrono Boost)  
  23  1:51  Probe  
  26  2:02  Zealot (Chrono Boost)  
  26  2:08  Zealot (Chrono Boost)  
  28  2:14  Zealot (Chrono Boost)  
  30  2:27  Pylon  
  30  2:28  Warp Gate  
  30  2:44  Pylon  
  30  2:45  Stalker (Chrono Boost)  
  30  2:49  Stalker (Chrono Boost)  
  36  2:53  Adept (Chrono Boost)  
  32  3:12  Adept (Chrono Boost)  
  32  3:19  Adept (Chrono Boost)  
  36  3:23  Adept (Chrono Boost)  
  32  3:35  Adept (Chrono Boost)  
  34  3:46  Adept (Chrono Boost)  
  36  3:53  Adept (Chrono Boost)  
  39  4:03  Probe  
  40  4:15  Probe  
  40  4:16  Assimilator  
  41  4:28  Probe  
  36  4:32  Stalker x2, Zealot  

Tags
 
Add a new tag
Caveats
  • Supply blocks, unpowered buildings, or Contaminate may cause inaccurate times.
  • Supply counts are checked every 10 seconds.